WCHLSIM.com - West Coast Hockey League
html PUBLIC "-//W3C//DTD XHTML 1.0 Transitional//EN" "http://www.w3.org/TR/xhtml1/DTD/xhtml1-transitional.dtd"> WCHL - Game 1155 - BANFF WOLVES vs SAN JOSE BRONCOS

BANFF WOLVES vs SAN JOSE BRONCOS

Created - 6 mai 2021 at 20:15

Goals
1 2 3 T
BANFF WOLVES 0 1 0 1
SAN JOSE BRONCOS 2 4 0 6
Shots
1 2 3 T
BANFF WOLVES 7 10 9 26
SAN JOSE BRONCOS 12 12 4 28

1st period

1. SAN JOSE BRONCOS , Brayden Point 37 (Oliver Bjorkstrand 43, Jaccob Slavin 33) at 0:23
2. SAN JOSE BRONCOS , Claude Giroux 32 (Jaccob Slavin 34, Evgeni Malkin 50) at 12:51 (PP)

Penalties :
Johnny Boychuk (BAN) for Hooking (Minor) at 0:36, Mathew Dumba (BAN) for High sticking (Minor) at 11:50, Johnny Boychuk (BAN) for Roughing (Minor) at 17:51

2nd period

3. SAN JOSE BRONCOS , Elias Lindholm 22 (Anthony Beauvillier 22) at 7:11
4. SAN JOSE BRONCOS , Brayden Point 38 (Claude Giroux 40, Jaccob Slavin 35) at 7:42
5. SAN JOSE BRONCOS , Brayden Point 39 (Elias Lindholm 45, Jaccob Slavin 36) at 10:56
6. BANFF WOLVES , Nazem Kadri 20 (Miro Heiskanen 25) at 11:05
7. SAN JOSE BRONCOS , Adam Pelech 2 (Connor Brown 34, Evgeni Malkin 51) at 15:22

Penalties :
Adam Pelech (SJO) for Roughing (Minor) at 4:36, Tyler Motte (SJO) for Holding Stick (Minor) at 7:07, Johnny Boychuk (BAN) for Unsportsmanlike conduct (Minor) at 7:07, Marco Scandella (SJO) for Holding (Minor) at 11:52, Tyler Motte (SJO) for Roughing (Minor) at 19:43

3rd period

No Goal

Penalties :
Elias Lindholm (SJO) for Hooking (Minor) at 3:15

Goalie Stats

Artyom Zagidulin (BAN), 22 saves from 28 shots - (0,786), L, 1-1-3, 60:00 minutes
Robin Lehner (SJO), 25 saves from 26 shots - (0,962), W, 17-15-5, 60:00 minutes

Players Stats for BANFF WOLVES

Player Name              G  A  P  +/- PIM S  H  SB GA TA FO     MP     PP MP  PK MP  
------------------------------------------------------------------------------------
Alex Tuch                0  0  0   0  0   0  0  0  0  0  0/0     6:55   0:00   0:00 
Brady Tkachuk            0  0  0  -1  0   4  1  0  0  0  0/2    22:41   4:15   1:50 
Drew Doughty             0  0  0  -3  0   3  3  2  0  0  0/0    26:54   4:06   2:52 
Jack Eichel              0  0  0  -3  0   3  0  0  0  0  17/32  23:29   4:15   3:09 
James Neal               0  0  0   0  0   2  0  1  0  0  1/1    22:51   4:15   0:00 
Jamie Oleksiak           0  0  0   0  0   0  1  1  0  0  0/0    14:35   0:00   1:00 
Jason Zucker             0  0  0  -2  0   1  1  0  0  0  0/0    16:25   4:06   0:00 
Joel Kellman             0  0  0  -1  0   0  0  0  0  0  0/2    11:31   0:00   0:00 
Johnny Boychuk           0  0  0  -1  6   0  1  1  0  0  0/0    14:03   0:00   0:38 
Kevin Labanc             0  0  0  -1  0   2  0  0  0  0  0/0    21:46   3:41   3:09 
Mathew Dumba             0  0  0  -1  2   2  0  1  0  0  0/0    19:43   0:00   1:29 
Miles Wood               0  0  0  -1  0   2  1  0  0  0  1/2    11:34   0:00   0:00 
Miro Heiskanen           0  1  1  -2  0   0  0  0  0  0  0/0    23:17   3:50   3:59 
Nazem Kadri              1  0  1   0  0   4  0  0  0  0  10/16  15:34   3:50   0:00 
Philippe Myers           0  0  0   0  0   0  0  0  0  0  0/0     0:00   0:00   0:00 
Roope Hintz              0  0  0   0  0   1  0  0  0  0  4/11   12:00   3:41   0:00 
Trevor van Riemsdyk      0  0  0  -1  0   0  0  0  0  0  0/0    13:28   0:00   0:00 
Valtteri Filppula        0  0  0  -1  0   2  0  0  0  0  5/11   16:12   3:41   1:50 

Players Stats for SAN JOSE BRONCOS

Player Name              G  A  P  +/- PIM S  H  SB GA TA FO     MP     PP MP  PK MP  
------------------------------------------------------------------------------------
Adam Pelech              1  0  1   1  2   2  1  2  0  0  0/0    17:17   0:00   2:53 
Anthony Beauvillier      0  1  1   1  0   2  0  0  0  0  0/0    13:12   0:00   0:00 
Brayden Point            3  0  3   2  0   6  0  0  0  0  8/24   18:28   2:29   0:00 
Charlie Coyle            0  0  0   0  0   0  0  0  0  0  2/5     5:09   0:00   0:00 
Chris Tanev              0  0  0   1  0   0  0  1  0  0  0/0    22:03   2:24   4:04 
Claude Giroux            1  1  2   2  0   4  0  0  0  0  0/0    19:46   2:30   3:32 
Connor Brown             0  1  1   1  0   2  1  0  0  0  1/2    15:14   2:29   0:00 
Craig Smith              0  0  0   0  0   2  0  0  0  0  0/0    12:12   0:00   0:00 
David Kampf              0  0  0   0  0   0  0  0  0  0  0/0     5:09   0:00   0:00 
Elias Lindholm           1  1  2   2  2   4  0  0  0  0  3/3    18:28   2:29   0:00 
Evgeni Malkin            0  2  2   1  0   2  0  0  0  0  12/21  19:39   2:30   4:24 
Hampus Lindholm          0  0  0   1  0   1  1  1  0  0  0/0    21:51   2:24   3:52 
Jaccob Slavin            0  4  4   2  0   0  0  2  0  0  0/0    23:44   2:35   4:04 
Marco Scandella          0  0  0   2  2   0  0  0  0  0  0/0    16:22   0:00   0:59 
Neal Pionk               0  0  0   1  0   0  1  0  0  0  0/0    18:41   2:35   0:00 
Nick Bonino              0  0  0   0  0   1  1  0  0  0  13/22  15:44   0:00   3:32 
Oliver Bjorkstrand       0  1  1   1  0   2  1  0  0  0  0/0    21:54   2:30   4:24 
Tyler Motte              0  0  0   0  4   0  0  0  0  0  0/0     5:07   0:00   0:00 

3 Stars

1 - Brayden Point (SJO)
2 - Jaccob Slavin (SJO)
3 - Claude Giroux (SJO)

Power Play

BANFF WOLVES - 0 on 4 Attempt(s) - 0,00%
SAN JOSE BRONCOS - 1 on 3 Attempt(s) - 33,33%

Penalty Kill

BANFF WOLVES - 2 on 3 Attempt(s) - 66,67% - Score 0 goal in Penalty Kill
SAN JOSE BRONCOS - 4 on 4 Attempt(s) - 100,00% - Score 0 goal in Penalty Kill

Team Stat

BANFF WOLVES - Hits : 8 - Faceoff Wins : 38 - Blocked Shots : 6 - Penalty Minutes : 8
SAN JOSE BRONCOS - Hits : 6 - Faceoff Wins : 39 - Blocked Shots : 6 - Penalty Minutes : 10

Official

Referees : Gord Dwyer and Terry Koharski
Linesman : Travis Toomey and Matt Brady

Game Notes

Brayden Point has scored a Hat Trick!

Finance

Level 1 -- Attendance: 5961 (99,35%) -- Ticket Income 834 540 $
Level 2 -- Attendance: 3900 (78,00%) -- Ticket Income 432 900 $
Level 3 -- Attendance: 2000 (100,00%) -- Ticket Income 160 000 $
Level 4 -- Attendance: 4000 (100,00%) -- Ticket Income 160 000 $
Luxury Box -- Attendance: 1000 (100,00%) -- Ticket Income 280 000 $
Total Attendance: 16861 (93,67%)
Total Ticket Income: 1 867 440 $
Other Expense: 18 674 $
Total Income: 1 848 766 $

BANFF WOLVES

5 vs 5 Forward 
   Center                   Left Wing                Right Wing               Time % Phy DF OF 
 1 Jack Eichel              Brady Tkachuk            Kevin Labanc             34     0   1  4  
 2 Nazem Kadri              James Neal               Jason Zucker             34     0   2  3  
 3 Roope Hintz              James Neal               Alex Tuch                27     1   3  1  
 4 Valtteri Filppula        Joel Kellman             Miles Wood               5      0   3  2  

5 vs 5 Defense 
   Defense                  Defense                                           Time % Phy DF OF 
 1 Drew Doughty             Mathew Dumba                                      36     0   2  3  
 2 Miro Heiskanen           Jamie Oleksiak                                    33     1   1  3  
 3 Johnny Boychuk           Trevor van Riemsdyk                               21     1   4  0  
 4 Drew Doughty             Miro Heiskanen                                    10     0   2  3  

PowerPlay Forward 
   Center                   Left Wing                Right Wing               Time % Phy DF OF 
 1 Jack Eichel              Brady Tkachuk            James Neal               55     0   0  5  
 2 Roope Hintz              Valtteri Filppula        Kevin Labanc             45     0   0  5  

PowerPlay Defense
   Defense                  Defense                                           Time % Phy DF OF 
 1 Drew Doughty             Jason Zucker                                      55     0   2  3  
 2 Miro Heiskanen           Nazem Kadri                                       45     0   2  3  

Penalty Kill 4 Players Forward 
   Center                   Wing                     Time % Phy DF OF 
 1 Jack Eichel              Kevin Labanc             55     2   3  0  
 2 Valtteri Filppula        Brady Tkachuk            45     3   2  0  

Penalty Kill 4 Players Defense
   Defense                  Defense                  Time % Phy DF OF 
 1 Miro Heiskanen           Mathew Dumba             55     2   3  0  
 2 Johnny Boychuk           Drew Doughty             45     1   4  0  

Penalty Kill - 3 Players Forward 
   Forward                                           Time % Phy DF OF 
 1 Kevin Labanc                                      55     1   4  0  
 2 Jack Eichel                                       45     1   4  0  

Penalty Kill - 3 Players Defense
   Defense                  Defense                  Time % Phy DF OF 
 1 Drew Doughty             Mathew Dumba             55     1   4  0  
 2 Miro Heiskanen           Johnny Boychuk           45     1   4  0  

4 vs 4 Forward 
   Center                   Wing                     Time % Phy DF OF 
 1 Jack Eichel              Jason Zucker             55     2   3  0  
 2 Roope Hintz              Brady Tkachuk            45     2   3  0  

4 vs 4 Defense
   Defense                  Defense                  Time % Phy DF OF 
 1 Miro Heiskanen           Drew Doughty             55     1   4  0  
 2 Mathew Dumba             Johnny Boychuk           45     1   4  0  

Last Minutes Offensive
   Center                   Left Wing                Right Wing               Defense                  Defense                  
   Jack Eichel              Brady Tkachuk            Kevin Labanc             Miro Heiskanen           Drew Doughty             

Last Minutes Defensive
   Center                   Left Wing                Right Wing               Defense                  Defense                  
   Jack Eichel              Kevin Labanc             Brady Tkachuk            Miro Heiskanen           Drew Doughty             

Goaltenders
Starting : Artyom Zagidulin         
Backup : Ilya Samsonov            

Extra Forwards
Normal : Jack Eichel, Kevin Labanc, Brady Tkachuk - PP : Jack Eichel, Brady Tkachuk - PK : Jack Eichel
Extra Defensemen
Normal : Drew Doughty, Miro Heiskanen, Mathew Dumba - PP : Drew Doughty - PK : Drew Doughty, Miro Heiskanen
Penalty Shots
Kevin Labanc, Jack Eichel, Brady Tkachuk, Jason Zucker, James Neal
Custom OT Lines Forwards
Jack Eichel, Brady Tkachuk, Kevin Labanc, Roope Hintz, James Neal, Jason Zucker, Nazem Kadri, Alex Tuch, Joel Kellman, Miles Wood
Custom OT Lines Defensemen
Mathew Dumba, Miro Heiskanen, Jamie Oleksiak, Trevor van Riemsdyk, Johnny Boychuk

Scratches
James van Riemsdyk (Left Eye Injury), Pavel Francouz (Healthy)

SAN JOSE BRONCOS

5 vs 5 Forward 
   Center                   Left Wing                Right Wing               Time % Phy DF OF 
 1 Brayden Point            Oliver Bjorkstrand       Elias Lindholm           36     1   2  2  
 2 Evgeni Malkin            Claude Giroux            Connor Brown             33     1   2  2  
 3 Nick Bonino              Anthony Beauvillier      Craig Smith              25     1   2  2  
 4 Charlie Coyle            Tyler Motte              David Kampf              6      1   2  2  

5 vs 5 Defense 
   Defense                  Defense                                           Time % Phy DF OF 
 1 Jaccob Slavin            Neal Pionk                                        40     1   2  2  
 2 Chris Tanev              Hampus Lindholm                                   35     1   2  2  
 3 Marco Scandella          Adam Pelech                                       25     1   2  2  
 4 Jaccob Slavin            Neal Pionk                                        0      1   2  2  

PowerPlay Forward 
   Center                   Left Wing                Right Wing               Time % Phy DF OF 
 1 Brayden Point            Elias Lindholm           Connor Brown             58     1   2  2  
 2 Evgeni Malkin            Claude Giroux            Oliver Bjorkstrand       42     1   2  2  

PowerPlay Defense
   Defense                  Defense                                           Time % Phy DF OF 
 1 Jaccob Slavin            Neal Pionk                                        58     1   2  2  
 2 Hampus Lindholm          Chris Tanev                                       42     1   2  2  

Penalty Kill 4 Players Forward 
   Center                   Wing                     Time % Phy DF OF 
 1 Evgeni Malkin            Oliver Bjorkstrand       50     1   2  2  
 2 Nick Bonino              Claude Giroux            50     1   2  2  

Penalty Kill 4 Players Defense
   Defense                  Defense                  Time % Phy DF OF 
 1 Jaccob Slavin            Chris Tanev              50     1   2  2  
 2 Adam Pelech              Hampus Lindholm          50     1   2  2  

Penalty Kill - 3 Players Forward 
   Forward                                           Time % Phy DF OF 
 1 Nick Bonino                                       50     1   2  2  
 2 Evgeni Malkin                                     50     1   2  2  

Penalty Kill - 3 Players Defense
   Defense                  Defense                  Time % Phy DF OF 
 1 Jaccob Slavin            Chris Tanev              55     1   2  2  
 2 Adam Pelech              Hampus Lindholm          45     1   2  2  

4 vs 4 Forward 
   Center                   Wing                     Time % Phy DF OF 
 1 Brayden Point            Claude Giroux            50     1   2  2  
 2 Elias Lindholm           Anthony Beauvillier      50     1   2  2  

4 vs 4 Defense
   Defense                  Defense                  Time % Phy DF OF 
 1 Chris Tanev              Hampus Lindholm          50     1   2  2  
 2 Marco Scandella          Jaccob Slavin            50     1   2  2  

Last Minutes Offensive
   Center                   Left Wing                Right Wing               Defense                  Defense                  
   Evgeni Malkin            Claude Giroux            Elias Lindholm           Jaccob Slavin            Neal Pionk               

Last Minutes Defensive
   Center                   Left Wing                Right Wing               Defense                  Defense                  
   Evgeni Malkin            Oliver Bjorkstrand       Connor Brown             Chris Tanev              Jaccob Slavin            

Goaltenders
Starting : Robin Lehner             
Backup : Jacob Markstrom          

Extra Forwards
Normal : Connor Brown, Elias Lindholm, Charlie Coyle - PP : Oliver Bjorkstrand, Anthony Beauvillier - PK : Charlie Coyle
Extra Defensemen
Normal : Chris Tanev, Neal Pionk, Hampus Lindholm - PP : Chris Tanev - PK : Chris Tanev, Marco Scandella
Penalty Shots
Evgeni Malkin, Brayden Point, Elias Lindholm, Claude Giroux, Oliver Bjorkstrand
Custom OT Lines Forwards
Brayden Point, Claude Giroux, Evgeni Malkin, Oliver Bjorkstrand, Elias Lindholm, Connor Brown, Nick Bonino, Craig Smith, Charlie Coyle, Anthony Beauvillier
Custom OT Lines Defensemen
Jaccob Slavin, Neal Pionk, Chris Tanev, Adam Pelech, Hampus Lindholm

Scratches
Mike Reilly (Healthy), Matt Irwin (Healthy)

% Time on Ice - BANFF WOLVES

Lines # - Real PCT - Wanted PCT - Time Play
Normal Forward
1 - 33% - 34% - 14:56
2 - 26% - 34% - 11:44
3 - 15% - 27% - 6:55
4 - 26% - 5% - 11:31
Normal Defense
1 - 37% - 36% - 16:38
2 - 30% - 33% - 13:35
3 - 30% - 21% - 13:28
4 - 3% - 10% - 1:25
PP Forward
1 - 54% - 55% - 4:15
2 - 46% - 45% - 3:41
PP Defense
1 - 52% - 55% - 4:06
2 - 48% - 45% - 3:50
PK Forward
1 - 63% - 55% - 3:09
2 - 37% - 45% - 1:50
PK Defense
1 - 47% - 55% - 2:21
2 - 53% - 45% - 2:38
PK3 Forward
1 - 0% - 55%
2 - 0% - 45%
PK3 Defense
1 - 0% - 55%
2 - 0% - 45%
44 Forward
1 - 29% - 55% - 0:35
2 - 71% - 45% - 1:24
44 Defense
1 - 29% - 55% - 0:35
2 - 71% - 45% - 1:24
Last Minute Offensive  - 0:00
Last Minute Defensive  - 0:00
Total
Forward - 60:00
Defense - 60:00

% Time on Ice - SAN JOSE BRONCOS

Lines # - Real PCT - Wanted PCT - Time Play
Normal Forward
1 - 33% - 36% - 15:00
2 - 28% - 33% - 12:45
3 - 27% - 25% - 12:12
4 - 11% - 6% - 5:09
Normal Defense
1 - 36% - 40% - 16:06
2 - 32% - 35% - 14:35
3 - 32% - 25% - 14:25
4 - 0% - 0% - 0:00
PP Forward
1 - 50% - 58% - 2:29
2 - 50% - 42% - 2:30
PP Defense
1 - 52% - 58% - 2:35
2 - 48% - 42% - 2:24
PK Forward
1 - 55% - 50% - 4:24
2 - 45% - 50% - 3:32
PK Defense
1 - 51% - 50% - 4:04
2 - 49% - 50% - 3:52
PK3 Forward
1 - 0% - 50%
2 - 0% - 50%
PK3 Defense
1 - 0% - 55%
2 - 0% - 45%
44 Forward
1 - 50% - 50% - 0:59
2 - 50% - 50% - 1:00
44 Defense
1 - 50% - 50% - 1:00
2 - 50% - 50% - 0:59
Last Minute Offensive  - 0:00
Last Minute Defensive  - 0:00
Total
Forward - 60:00
Defense - 60:00

Play-by-Play

1st period


0:01 of 1st period - Jack Eichel wins face-off versus Brayden Point in neutral zone.
0:23 of 1st period - Shot by Brayden Point.
0:23 of 1st period - Goal by Brayden Point - BANFF WOLVES : 0 - SAN JOSE BRONCOS : 1.
0:24 of 1st period - Nazem Kadri wins face-off versus Evgeni Malkin in neutral zone.
0:31 of 1st period - Shot by Nazem Kadri.
0:31 of 1st period - Stopped by Robin Lehner without a rebound.
0:32 of 1st period - Nick Bonino wins face-off versus Roope Hintz in SAN JOSE BRONCOS zone.
0:36 of 1st period - Minor Penalty to Johnny Boychuk for Hooking.
0:37 of 1st period - Jack Eichel wins face-off versus Brayden Point in BANFF WOLVES zone.
1:20 of 1st period - Shot by Brayden Point.
1:20 of 1st period - Shot Blocked by Drew Doughty.
1:22 of 1st period - Shot by Neal Pionk.
1:22 of 1st period - Shot Blocked by Drew Doughty.
1:24 of 1st period - Shot by Elias Lindholm.
1:24 of 1st period - Deflect By Brayden Point.
1:24 of 1st period - Stopped by Artyom Zagidulin without a rebound.
1:25 of 1st period - Jack Eichel wins face-off versus Evgeni Malkin in BANFF WOLVES zone.
1:29 of 1st period - Off-side.
1:30 of 1st period - Evgeni Malkin wins face-off versus Jack Eichel in neutral zone.
2:28 of 1st period - Icing by Jaccob Slavin.
2:29 of 1st period - Jack Eichel wins face-off versus Brayden Point in SAN JOSE BRONCOS zone.
2:37 of 1st period - Kevin Labanc is hit by Adam Pelech.
2:57 of 1st period - Shot by Craig Smith.
2:57 of 1st period - Stopped by Artyom Zagidulin without a rebound.
2:58 of 1st period - Charlie Coyle wins face-off versus Jack Eichel in BANFF WOLVES zone.
3:44 of 1st period - Off-side.
3:45 of 1st period - Evgeni Malkin wins face-off versus Roope Hintz in neutral zone.
4:12 of 1st period - Shot by Claude Giroux.
4:12 of 1st period - Stopped by Artyom Zagidulin without a rebound.
4:13 of 1st period - Brayden Point wins face-off versus Valtteri Filppula in BANFF WOLVES zone.
4:32 of 1st period - Shot by Miles Wood.
4:32 of 1st period - Stopped by Robin Lehner without a rebound.
4:33 of 1st period - Nazem Kadri wins face-off versus Connor Brown in SAN JOSE BRONCOS zone.
4:34 of 1st period - Shot by Jason Zucker.
4:34 of 1st period - Stopped by Robin Lehner without a rebound.
4:35 of 1st period - Nazem Kadri wins face-off versus Brayden Point in SAN JOSE BRONCOS zone.
5:16 of 1st period - Shot by Brayden Point.
5:16 of 1st period - Deflect By Elias Lindholm.
5:16 of 1st period - Shot Misses the Net.
5:18 of 1st period - Shot by Oliver Bjorkstrand.
5:18 of 1st period - Shot Misses the Net.
5:37 of 1st period - Icing by Neal Pionk.
5:38 of 1st period - Evgeni Malkin wins face-off versus Jack Eichel in SAN JOSE BRONCOS zone.
5:59 of 1st period - Shot by Jack Eichel.
5:59 of 1st period - Shot Misses the Net.
6:01 of 1st period - Shot by Kevin Labanc.
6:01 of 1st period - Shot Misses the Net.
6:07 of 1st period - Shot by Brady Tkachuk.
6:07 of 1st period - Stopped by Robin Lehner with a rebound.
6:09 of 1st period - Shot by Mathew Dumba.
6:09 of 1st period - Stopped by Robin Lehner without a rebound.
6:10 of 1st period - Nick Bonino wins face-off versus Valtteri Filppula in SAN JOSE BRONCOS zone.
6:26 of 1st period - Icing by Johnny Boychuk.
6:27 of 1st period - Valtteri Filppula wins face-off versus Brayden Point in BANFF WOLVES zone.
6:42 of 1st period - Shot by Elias Lindholm.
6:42 of 1st period - Shot Blocked by Johnny Boychuk.
7:09 of 1st period - Icing by Valtteri Filppula.
7:10 of 1st period - Nick Bonino wins face-off versus Miles Wood in BANFF WOLVES zone.
7:25 of 1st period - Shot by Nick Bonino.
7:25 of 1st period - Stopped by Artyom Zagidulin with a rebound.
10:05 of 1st period - Shot by Miles Wood.
10:05 of 1st period - Stopped by Robin Lehner with a rebound.
10:47 of 1st period - Shot by Connor Brown.
10:47 of 1st period - Stopped by Artyom Zagidulin without a rebound.
10:48 of 1st period - Nick Bonino wins face-off versus Nazem Kadri in BANFF WOLVES zone.
10:51 of 1st period - Shot by Craig Smith.
10:51 of 1st period - Stopped by Artyom Zagidulin without a rebound.
10:52 of 1st period - Evgeni Malkin wins face-off versus Jack Eichel in BANFF WOLVES zone.
11:50 of 1st period - Minor Penalty to Mathew Dumba for High sticking.
11:51 of 1st period - Jack Eichel wins face-off versus Brayden Point in BANFF WOLVES zone.
12:49 of 1st period - Shot by Jaccob Slavin.
12:49 of 1st period - Shot Misses the Net.
12:51 of 1st period - Shot by Claude Giroux.
12:51 of 1st period - Goal by Claude Giroux - BANFF WOLVES : 0 - SAN JOSE BRONCOS : 2.
12:52 of 1st period - Nick Bonino wins face-off versus Nazem Kadri in neutral zone.
13:17 of 1st period - Shot by Nick Bonino.
13:17 of 1st period - Shot Misses the Net.
14:17 of 1st period - Icing by Nick Bonino.
14:18 of 1st period - Jack Eichel wins face-off versus Nick Bonino in SAN JOSE BRONCOS zone.
15:44 of 1st period - Shot by Nazem Kadri.
15:44 of 1st period - Stopped by Robin Lehner without a rebound.
15:45 of 1st period - Connor Brown wins face-off versus Valtteri Filppula in SAN JOSE BRONCOS zone.
16:07 of 1st period - Icing by Valtteri Filppula.
16:08 of 1st period - Brayden Point wins face-off versus Joel Kellman in BANFF WOLVES zone.
16:11 of 1st period - Shot by Oliver Bjorkstrand.
16:11 of 1st period - Stopped by Artyom Zagidulin without a rebound.
16:12 of 1st period - Brayden Point wins face-off versus Roope Hintz in BANFF WOLVES zone.
16:38 of 1st period - Shot by Oliver Bjorkstrand.
16:38 of 1st period - Shot Misses the Net.
16:46 of 1st period - Shot by Elias Lindholm.
16:46 of 1st period - Stopped by Artyom Zagidulin without a rebound.
16:47 of 1st period - Evgeni Malkin wins face-off versus Jack Eichel in BANFF WOLVES zone.
17:02 of 1st period - Shot by Claude Giroux.
17:02 of 1st period - Stopped by Artyom Zagidulin without a rebound.
17:03 of 1st period - Nazem Kadri wins face-off versus Charlie Coyle in BANFF WOLVES zone.
17:47 of 1st period - Neal Pionk is hit by Jason Zucker and loses puck.
17:51 of 1st period - Minor Penalty to Johnny Boychuk for Roughing.
17:52 of 1st period - Jack Eichel wins face-off versus Brayden Point in BANFF WOLVES zone.
17:58 of 1st period - Icing by Chris Tanev.
17:59 of 1st period - Brayden Point wins face-off versus Jack Eichel in SAN JOSE BRONCOS zone.
18:09 of 1st period - Icing by Brayden Point.
18:10 of 1st period - Jack Eichel wins face-off versus Brayden Point in SAN JOSE BRONCOS zone.
18:10 of 1st period - Jack Eichel is hit by Hampus Lindholm.
18:27 of 1st period - Shot by Connor Brown.
18:27 of 1st period - Stopped by Artyom Zagidulin without a rebound.
18:28 of 1st period - Jack Eichel wins face-off versus Evgeni Malkin in BANFF WOLVES zone.
18:28 of 1st period - Jack Eichel is hit by Oliver Bjorkstrand.
18:39 of 1st period - Icing by Neal Pionk.
18:40 of 1st period - Jack Eichel wins face-off versus Evgeni Malkin in SAN JOSE BRONCOS zone.
Goals for this period are 0 for BANFF WOLVES vs 2 for SAN JOSE BRONCOS.
Shots for this period are 7 for BANFF WOLVES vs 12 for SAN JOSE BRONCOS.

2nd period


0:01 of 2nd period - Brayden Point wins face-off versus Roope Hintz in neutral zone.
0:26 of 2nd period - Shot by Brayden Point.
0:26 of 2nd period - Stopped by Artyom Zagidulin without a rebound.
0:27 of 2nd period - Jack Eichel wins face-off versus Evgeni Malkin in BANFF WOLVES zone.
1:06 of 2nd period - Shot by Claude Giroux.
1:06 of 2nd period - Shot Misses the Net.
1:25 of 2nd period - Icing by Claude Giroux.
1:26 of 2nd period - Evgeni Malkin wins face-off versus Nazem Kadri in SAN JOSE BRONCOS zone.
1:43 of 2nd period - Shot by Nazem Kadri.
1:43 of 2nd period - Shot Misses the Net.
1:57 of 2nd period - Shot by Brayden Point.
1:57 of 2nd period - Shot Misses the Net.
1:59 of 2nd period - Shot by Elias Lindholm.
1:59 of 2nd period - Stopped by Artyom Zagidulin without a rebound.
2:00 of 2nd period - Miles Wood wins face-off versus Nick Bonino in BANFF WOLVES zone.
2:08 of 2nd period - Shot by Miles Wood.
2:08 of 2nd period - Shot Misses the Net.
2:17 of 2nd period - Icing by Marco Scandella.
2:18 of 2nd period - Jack Eichel wins face-off versus Nick Bonino in SAN JOSE BRONCOS zone.
2:33 of 2nd period - Shot by Craig Smith.
2:33 of 2nd period - Shot Misses the Net.
2:47 of 2nd period - Shot by Brady Tkachuk.
2:47 of 2nd period - Stopped by Robin Lehner without a rebound.
2:48 of 2nd period - James Neal wins face-off versus Brayden Point in SAN JOSE BRONCOS zone.
3:52 of 2nd period - Elias Lindholm is hit by Brady Tkachuk and loses puck.
4:19 of 2nd period - Shot by Evgeni Malkin.
4:19 of 2nd period - Stopped by Artyom Zagidulin without a rebound.
4:20 of 2nd period - Valtteri Filppula wins face-off versus Nick Bonino in BANFF WOLVES zone.
4:20 of 2nd period - Valtteri Filppula is hit by Nick Bonino.
4:26 of 2nd period - Anthony Beauvillier is hit by Miles Wood and loses puck.
4:36 of 2nd period - Minor Penalty to Adam Pelech for Roughing.
4:37 of 2nd period - Nick Bonino wins face-off versus Jack Eichel in SAN JOSE BRONCOS zone.
5:55 of 2nd period - Shot by Drew Doughty.
5:55 of 2nd period - Shot Blocked by Hampus Lindholm.
5:57 of 2nd period - Shot by Drew Doughty.
5:57 of 2nd period - Shot Misses the Net.
5:59 of 2nd period - Shot by Kevin Labanc.
5:59 of 2nd period - Stopped by Robin Lehner without a rebound.
6:00 of 2nd period - Nick Bonino wins face-off versus Valtteri Filppula in SAN JOSE BRONCOS zone.
6:44 of 2nd period - Shot by Jack Eichel.
6:44 of 2nd period - Shot Misses the Net.
7:07 of 2nd period - Minor Penalty to Tyler Motte for Holding Stick.
7:07 of 2nd period - Minor Penalty to Johnny Boychuk for Unsportsmanlike conduct.
7:08 of 2nd period - Elias Lindholm wins face-off versus Jack Eichel in BANFF WOLVES zone.
7:09 of 2nd period - Shot by Anthony Beauvillier.
7:09 of 2nd period - Shot Misses the Net.
7:11 of 2nd period - Shot by Elias Lindholm.
7:11 of 2nd period - Goal by Elias Lindholm - BANFF WOLVES : 0 - SAN JOSE BRONCOS : 3.
7:12 of 2nd period - Brayden Point wins face-off versus Jack Eichel in neutral zone.
7:27 of 2nd period - Shot by Brayden Point.
7:27 of 2nd period - Stopped by Artyom Zagidulin with a rebound.
7:42 of 2nd period - Shot by Claude Giroux.
7:42 of 2nd period - Deflect By Brayden Point.
7:42 of 2nd period - Goal by Brayden Point - BANFF WOLVES : 0 - SAN JOSE BRONCOS : 4.
7:43 of 2nd period - Elias Lindholm wins face-off versus Roope Hintz in neutral zone.
7:48 of 2nd period - Shot by Anthony Beauvillier.
7:48 of 2nd period - Stopped by Artyom Zagidulin without a rebound.
7:49 of 2nd period - Elias Lindholm wins face-off versus Brady Tkachuk in BANFF WOLVES zone.
8:56 of 2nd period - Shot by Brayden Point.
8:56 of 2nd period - Shot Blocked by Mathew Dumba.
9:20 of 2nd period - Icing by Adam Pelech.
9:21 of 2nd period - Charlie Coyle wins face-off versus Joel Kellman in SAN JOSE BRONCOS zone.
9:44 of 2nd period - Shot by Charlie Coyle.
9:44 of 2nd period - Shot Misses the Net.
9:53 of 2nd period - Charlie Coyle is hit by Johnny Boychuk and loses puck.
10:32 of 2nd period - Shot by Evgeni Malkin.
10:32 of 2nd period - Shot Hit the Post.
10:54 of 2nd period - Shot by Elias Lindholm.
10:54 of 2nd period - Stopped by Artyom Zagidulin with a rebound.
10:56 of 2nd period - Shot by Brayden Point.
10:56 of 2nd period - Goal by Brayden Point - BANFF WOLVES : 0 - SAN JOSE BRONCOS : 5.
10:57 of 2nd period - Brayden Point wins face-off versus Nazem Kadri in neutral zone.
11:05 of 2nd period - Shot by Nazem Kadri.
11:05 of 2nd period - Goal by Nazem Kadri - BANFF WOLVES : 1 - SAN JOSE BRONCOS : 5.
11:06 of 2nd period - Nazem Kadri wins face-off versus Brayden Point in neutral zone.
11:27 of 2nd period - Shot by Nazem Kadri.
11:27 of 2nd period - Shot Misses the Net.
11:29 of 2nd period - Shot by Nazem Kadri.
11:29 of 2nd period - Shot Misses the Net.
11:31 of 2nd period - Shot by Mathew Dumba.
11:31 of 2nd period - Stopped by Robin Lehner with a rebound.
11:33 of 2nd period - Shot by Drew Doughty.
11:33 of 2nd period - Stopped by Robin Lehner without a rebound.
11:34 of 2nd period - Jack Eichel wins face-off versus Evgeni Malkin in SAN JOSE BRONCOS zone.
11:52 of 2nd period - Minor Penalty to Marco Scandella for Holding.
11:53 of 2nd period - Evgeni Malkin wins face-off versus Jack Eichel in SAN JOSE BRONCOS zone.
12:08 of 2nd period - Shot by Jack Eichel.
12:08 of 2nd period - Shot Misses the Net.
12:20 of 2nd period - Shot by Jason Zucker.
12:20 of 2nd period - Shot Misses the Net.
12:22 of 2nd period - Shot by Jack Eichel.
12:22 of 2nd period - Shot Misses the Net.
12:24 of 2nd period - Shot by Drew Doughty.
12:24 of 2nd period - Shot Misses the Net.
12:26 of 2nd period - Shot by Drew Doughty.
12:26 of 2nd period - Stopped by Robin Lehner without a rebound.
12:27 of 2nd period - Roope Hintz wins face-off versus Nick Bonino in SAN JOSE BRONCOS zone.
12:56 of 2nd period - Shot by Nazem Kadri.
12:56 of 2nd period - Stopped by Robin Lehner without a rebound.
12:57 of 2nd period - Evgeni Malkin wins face-off versus Jack Eichel in SAN JOSE BRONCOS zone.
13:03 of 2nd period - Icing by Drew Doughty.
13:04 of 2nd period - Jack Eichel wins face-off versus Evgeni Malkin in BANFF WOLVES zone.
13:24 of 2nd period - Shot by Jack Eichel.
13:24 of 2nd period - Stopped by Robin Lehner with a rebound.
13:26 of 2nd period - Shot by Drew Doughty.
13:26 of 2nd period - Stopped by Robin Lehner with a rebound.
13:28 of 2nd period - Shot by James Neal.
13:28 of 2nd period - Stopped by Robin Lehner without a rebound.
13:29 of 2nd period - Nick Bonino wins face-off versus Roope Hintz in SAN JOSE BRONCOS zone.
14:59 of 2nd period - Shot by Oliver Bjorkstrand.
14:59 of 2nd period - Stopped by Artyom Zagidulin without a rebound.
15:00 of 2nd period - Nazem Kadri wins face-off versus Evgeni Malkin in BANFF WOLVES zone.
15:00 of 2nd period - Nazem Kadri is hit by Connor Brown.
15:20 of 2nd period - Shot by Connor Brown.
15:20 of 2nd period - Shot Blocked by Jamie Oleksiak.
15:22 of 2nd period - Shot by Adam Pelech.
15:22 of 2nd period - Goal by Adam Pelech - BANFF WOLVES : 1 - SAN JOSE BRONCOS : 6.
15:23 of 2nd period - Valtteri Filppula wins face-off versus Brayden Point in neutral zone.
15:34 of 2nd period - Shot by Valtteri Filppula.
15:34 of 2nd period - Shot Misses the Net.
16:34 of 2nd period - Oliver Bjorkstrand is hit by Drew Doughty and loses puck.
16:40 of 2nd period - Icing by Nazem Kadri.
16:41 of 2nd period - Evgeni Malkin wins face-off versus Nazem Kadri in BANFF WOLVES zone.
16:45 of 2nd period - Evgeni Malkin is hit by Drew Doughty and loses puck.
16:58 of 2nd period - Shot by Claude Giroux.
16:58 of 2nd period - Stopped by Artyom Zagidulin without a rebound.
16:59 of 2nd period - Jack Eichel wins face-off versus Nick Bonino in BANFF WOLVES zone.
17:14 of 2nd period - Shot by Brady Tkachuk.
17:14 of 2nd period - Shot Blocked by Adam Pelech.
17:22 of 2nd period - Shot by Anthony Beauvillier.
17:22 of 2nd period - Deflect By Nick Bonino.
17:22 of 2nd period - Shot Misses the Net.
17:24 of 2nd period - Shot by Nick Bonino.
17:24 of 2nd period - Shot Misses the Net.
19:07 of 2nd period - Off-side.
19:08 of 2nd period - Valtteri Filppula wins face-off versus Charlie Coyle in neutral zone.
19:43 of 2nd period - Minor Penalty to Tyler Motte for Roughing.
19:44 of 2nd period - Jack Eichel wins face-off versus Nick Bonino in SAN JOSE BRONCOS zone.
Goals for this period are 1 for BANFF WOLVES vs 4 for SAN JOSE BRONCOS.
Shots for this period are 10 for BANFF WOLVES vs 12 for SAN JOSE BRONCOS.

3rd period


0:01 of 3rd period - Nick Bonino wins face-off versus Brady Tkachuk in neutral zone.
2:00 of 3rd period - Off-side.
2:01 of 3rd period - Nick Bonino wins face-off versus Roope Hintz in neutral zone.
2:20 of 3rd period - Shot by Craig Smith.
2:20 of 3rd period - Shot Blocked by James Neal.
2:22 of 3rd period - Shot by Adam Pelech.
2:22 of 3rd period - Stopped by Artyom Zagidulin with a rebound.
2:24 of 3rd period - Shot by Adam Pelech.
2:24 of 3rd period - Shot Misses the Net.
2:30 of 3rd period - Shot by Anthony Beauvillier.
2:30 of 3rd period - Shot Misses the Net.
3:08 of 3rd period - Shot by Kevin Labanc.
3:08 of 3rd period - Shot Misses the Net.
3:10 of 3rd period - Shot by Kevin Labanc.
3:10 of 3rd period - Stopped by Robin Lehner without a rebound.
3:11 of 3rd period - Valtteri Filppula wins face-off versus Brayden Point in SAN JOSE BRONCOS zone.
3:15 of 3rd period - Minor Penalty to Elias Lindholm for Hooking.
3:16 of 3rd period - Evgeni Malkin wins face-off versus Jack Eichel in SAN JOSE BRONCOS zone.
3:27 of 3rd period - Shot by Brady Tkachuk.
3:27 of 3rd period - Shot Blocked by Jaccob Slavin.
3:29 of 3rd period - Shot by Jack Eichel.
3:29 of 3rd period - Shot Misses the Net.
3:31 of 3rd period - Shot by Nazem Kadri.
3:31 of 3rd period - Shot Misses the Net.
3:33 of 3rd period - Shot by Brady Tkachuk.
3:33 of 3rd period - Stopped by Robin Lehner without a rebound.
3:34 of 3rd period - Roope Hintz wins face-off versus Evgeni Malkin in SAN JOSE BRONCOS zone.
3:37 of 3rd period - Shot by Roope Hintz.
3:37 of 3rd period - Stopped by Robin Lehner without a rebound.
3:38 of 3rd period - Evgeni Malkin wins face-off versus Jack Eichel in SAN JOSE BRONCOS zone.
3:59 of 3rd period - Shot by Jack Eichel.
3:59 of 3rd period - Stopped by Robin Lehner without a rebound.
4:00 of 3rd period - Roope Hintz wins face-off versus Nick Bonino in SAN JOSE BRONCOS zone.
4:28 of 3rd period - Shot by Nazem Kadri.
4:28 of 3rd period - Shot Misses the Net.
5:18 of 3rd period - Shot by Valtteri Filppula.
5:18 of 3rd period - Stopped by Robin Lehner with a rebound.
6:04 of 3rd period - Icing by Charlie Coyle.
6:05 of 3rd period - Nazem Kadri wins face-off versus Charlie Coyle in SAN JOSE BRONCOS zone.
6:27 of 3rd period - Icing by Drew Doughty.
6:28 of 3rd period - Nazem Kadri wins face-off versus Brayden Point in BANFF WOLVES zone.
6:48 of 3rd period - Shot by Brayden Point.
6:48 of 3rd period - Shot Misses the Net.
6:50 of 3rd period - Shot by Oliver Bjorkstrand.
6:50 of 3rd period - Shot Misses the Net.
7:16 of 3rd period - Shot by Oliver Bjorkstrand.
7:16 of 3rd period - Shot Misses the Net.
7:52 of 3rd period - Shot by Evgeni Malkin.
7:52 of 3rd period - Stopped by Artyom Zagidulin without a rebound.
7:53 of 3rd period - Nick Bonino wins face-off versus Jack Eichel in BANFF WOLVES zone.
9:02 of 3rd period - Shot by Brayden Point.
9:02 of 3rd period - Shot Misses the Net.
9:04 of 3rd period - Shot by Hampus Lindholm.
9:04 of 3rd period - Stopped by Artyom Zagidulin without a rebound.
9:05 of 3rd period - Evgeni Malkin wins face-off versus Valtteri Filppula in BANFF WOLVES zone.
10:00 of 3rd period - Shot by Roope Hintz.
10:00 of 3rd period - Shot Misses the Net.
10:20 of 3rd period - Shot by Roope Hintz.
10:20 of 3rd period - Shot Blocked by Chris Tanev.
11:03 of 3rd period - Icing by Oliver Bjorkstrand.
11:04 of 3rd period - Brayden Point wins face-off versus Valtteri Filppula in SAN JOSE BRONCOS zone.
11:26 of 3rd period - Valtteri Filppula is hit by Neal Pionk and loses puck.
12:31 of 3rd period - Shot by James Neal.
12:31 of 3rd period - Stopped by Robin Lehner without a rebound.
12:32 of 3rd period - Jack Eichel wins face-off versus Brayden Point in SAN JOSE BRONCOS zone.
12:55 of 3rd period - Shot by Jack Eichel.
12:55 of 3rd period - Stopped by Robin Lehner with a rebound.
12:57 of 3rd period - Shot by Brady Tkachuk.
12:57 of 3rd period - Stopped by Robin Lehner with a rebound.
13:04 of 3rd period - Icing by Elias Lindholm.
13:05 of 3rd period - Nazem Kadri wins face-off versus Brayden Point in SAN JOSE BRONCOS zone.
13:39 of 3rd period - Oliver Bjorkstrand is hit by Jamie Oleksiak and loses puck.
14:35 of 3rd period - Shot by Evgeni Malkin.
14:35 of 3rd period - Shot Misses the Net.
14:42 of 3rd period - Icing by Miro Heiskanen.
14:43 of 3rd period - Nazem Kadri wins face-off versus Nick Bonino in BANFF WOLVES zone.
15:05 of 3rd period - Shot by Jack Eichel.
15:05 of 3rd period - Shot Blocked by Adam Pelech.
15:07 of 3rd period - Shot by Jack Eichel.
15:07 of 3rd period - Shot Misses the Net.
17:36 of 3rd period - Icing by Drew Doughty.
17:37 of 3rd period - Nick Bonino wins face-off versus Jack Eichel in BANFF WOLVES zone.
17:37 of 3rd period - Nick Bonino is hit by Drew Doughty.
18:05 of 3rd period - Shot by Anthony Beauvillier.
18:05 of 3rd period - Stopped by Artyom Zagidulin without a rebound.
18:06 of 3rd period - Roope Hintz wins face-off versus Brayden Point in BANFF WOLVES zone.
18:39 of 3rd period - Shot by Alex Tuch.
18:39 of 3rd period - Shot Misses the Net.
18:41 of 3rd period - Shot by Alex Tuch.
18:41 of 3rd period - Shot Misses the Net.
19:21 of 3rd period - Shot by Miles Wood.
19:21 of 3rd period - Shot Blocked by Jaccob Slavin.
19:25 of 3rd period - Shot by Valtteri Filppula.
19:25 of 3rd period - Stopped by Robin Lehner without a rebound.
19:26 of 3rd period - Nick Bonino wins face-off versus Nazem Kadri in SAN JOSE BRONCOS zone.
Goals for this period are 0 for BANFF WOLVES vs 0 for SAN JOSE BRONCOS.
Shots for this period are 9 for BANFF WOLVES vs 4 for SAN JOSE BRONCOS.


SCOTT
LAUGHTON
IGOR
SHESTERKIN
ALEX
TUCH

EAST COAST

HOCKEY LEAGUE

  • 9.CHI2QUE6
  • 10.LIM2CHA3
  • 11.LON6TRV4
  • 12.BAL3CHW2
  • 13.MANPIT
  • 14.NHWATL
  • 15.PETWOR
  • 16.RHI